 Dungeon Crawl Stone Soup version 0.20-a0-1116-gaa52201 (webtiles) character file.

5415 Gorice the Carver (level 10, -2/77 HPs)
             Began as a Minotaur Enchanter on May 7, 2017.
             Was an Elder of Okawaru.
             Slain by Pikel
             ... wielding a +2 whip of electrocution
              (16 damage)
             ... on level 8 of the Dungeon.
             The game lasted 00:44:57 (12918 turns).

Gorice the Carver (Minotaur Enchanter)             Turns: 12918, Time: 00:44:58

Health: -2/77      AC: 16    Str: 15    XL:     10   Next: 40%
Magic:  10/11      EV: 11    Int: 12    God:    Okawaru [****..]
Gold:   357        SH:  0    Dex: 15    Spells: 11/11 levels left

rFire    + . .     SeeInvis .   a - +0 long sword
rCold    . . .     Gourm    .   (no shield)
rNeg     . . .     Faith    .   m - +0 chain mail
rPois    .         Spirit   .   (helmet restricted)
rElec    .         Reflect  .   v - +0 cloak
rCorr    .         Harm     .   (no gloves)
MR       .....                  R - +0 pair of boots
Stlth    +.........             (no amulet)
Regen    0.3/turn               h - +3 ring of dexterity
MPRegen  0.2/turn               t - ring of protection from fire

@: heroism
A: retaliatory headbutt, horns 2
a: Heroism, Renounce Religion


You were on level 8 of the Dungeon.
You worshipped Okawaru.
Okawaru was greatly pleased with you.
You were not hungry.

You visited 2 branches of the dungeon, and saw 9 of its levels.

You collected 357 gold pieces.

Inventory:

Hand Weapons
 a - a +0 long sword (weapon)
 b - a +0 hunting sling
 l - a +1 dagger
 x - a +0 dagger of draining
   (You took it off Jessica on level 3 of the Dungeon)
 A - a +1 falchion
Missiles
 k - 88 sling bullets
 q - 9 tomahawks (quivered)
 z - 49 bolts
 Y - a throwing net
 Z - 161 stones
Armour
 f - a +0 hat
 m - a +0 chain mail (worn)
 n - a +1 robe
 r - a +0 ring mail
 v - a +0 cloak (worn)
 Q - a +0 plate armour
 R - a +0 pair of boots (worn)
Jewellery
 h - a +3 ring of dexterity (left hand)
 t - a ring of protection from fire (right hand)
Wands
 B - a wand of scattershot (5/9)
 S - a wand of lightning (7/15)
Scrolls
 s - 4 scrolls of remove curse
 w - a scroll of fear {!r}
 E - 5 scrolls of magic mapping {!r}
 I - 2 scrolls of enchant weapon
 L - 2 scrolls of teleportation {!r}
 O - a scroll of recharging
Potions
 e - 2 potions of experience {unknown}
 g - a potion of lignification {!q}
 i - a potion of agility {!q}
 j - 2 potions of ambrosia
 p - 2 potions of cancellation {!q}
 u - 2 potions of flight
 C - a potion of invisibility {unknown}
 G - a potion of heal wounds {!q}
 K - a potion of magic {unknown}
 N - 2 potions of brilliance {!q}
 P - a potion of mutation {unknown}
Books
 c - a book of Maledictions
 y - a book of Cantrips
 F - a book of Geomancy
 M - a book of Battle
Comestibles
 d - 8 bread rations {!e}
 o - 4 chunks of flesh
 D - 4 fruits
 H - a royal jelly
 J - 4 meat rations {!e}


   Skills:
 - Level 3.1(8.1) Fighting
 - Level 4.8(14.4) Short Blades
 * Level 13.2(18.6) Long Blades
 + Level 10.1(15.1) Armour
 - Level 2.1(7.1) Dodging
 - Level 2.4(7.4) Stealth
 - Level 1.3 Spellcasting
   Level 2.0 Hexes
 + Level 2.3 Invocations


You had 11 spell levels left.
You didn't know any spells.

Dungeon Overview and Level Annotations

Branches:
Dungeon (8/15)             Temple (1/1) D:7            Lair (0/6) D:8

Altars:
Ashenzari
Cheibriados
Dithmenos
Elyvilon
Fedhas
Gozag
Hepliaklqana
Kikubaaqudgha
Makhleb
Nemelex Xobeh
Okawaru
Qazlal
Ru
Sif Muna
Trog
Uskayaw
Vehumet
Wu Jian
Xom
Yredelemnul
Zin
The Shining One

Shops:
D:4 *   D:5 =%

Annotations:
D:3 Lochraine's ghost, amateur DsVM
D:8 Pikel


Innate Abilities, Weirdness & Mutations

You reflexively headbutt those who attack you in melee.
You have a pair of horns on your head.


Message History

Pikel is lightly wounded.
The slave closely misses you.
Pikel hits you with a whip of electrocution.
You are electrocuted!
Damage: 17 (max 18)
You closely miss Pikel. You headbutt Pikel.
Pikel is moderately wounded.
The slave hits you but does no damage.
You closely miss Pikel.
Pikel is moderately wounded.
Pikel hits you with a whip of electrocution.
* * * LOW HITPOINT WARNING * * *
You are electrocuted!
* * * LOW HITPOINT WARNING * * *
The slave hits you but does no damage.
Damage: 12 (max 18)
You gain the combat prowess of a mighty hero.
Pikel hits you but does no damage.
You miss Pikel. You headbutt Pikel.
Pikel is heavily wounded.
Pikel hits you but does no damage.
You closely miss Pikel. You headbutt Pikel, but do no damage.
Pikel is heavily wounded.
Pikel closely misses you. You furiously retaliate!
You headbutt Pikel, but do no damage. You hit Pikel but do no damage.
Pikel is heavily wounded.
You closely miss Pikel.
Pikel is heavily wounded.
Pikel hits you but does no damage.
You are electrocuted!
* * * LOW HITPOINT WARNING * * *
Damage: 8 (max 18)
You hit Pikel. You headbutt Pikel.
Pikel is heavily wounded.
Pikel closely misses you.
You riposte.
You miss Pikel. You headbutt Pikel!
Pikel is almost dead.
You hit Pikel.
Pikel is almost dead.
You hit Pikel but do no damage. Your headbutt misses Pikel.
Pikel is almost dead.
Pikel hits you but does no damage.
You are electrocuted!
* * * LOW HITPOINT WARNING * * *
Damage: 8 (max 18)
You hit Pikel but do no damage.
Pikel is almost dead.
Pikel hits you but does no damage.
You closely miss Pikel.
Pikel is almost dead.
Pikel hits you but does no damage.
You are electrocuted!
You die...

## .#####(.#
##......## .#
#(.########......#
.##
##...............##
..## .
#(...............#
...# <.
#p...............#
...#..#
#pp########...#...
......# #p##
##..##### .....##
#K# #..## .....#
##@# ##.## .###.#
#..# #..# ## #.#
#.## #.## #. #.#
### ##.### #.#>.#
######


You could see Pikel and 4 slaves.

Vanquished Creatures
  The ghost of Lochraine the Firebug, a novice DrFE of Sif Muna (D:8)
  The ghost of Fingolfin the Geomancer, a novice DDEE of Makhleb (D:7)
  A cyclops (D:7)
  Sigmund (D:2)
  A hungry ghost (D:7)
  An acid dragon (D:8)
  2 hell hounds (D:8)
  2 ice beasts (D:6)
  2 sky beasts
  A necrophage (D:6)
  An orc warrior (D:8)
  2 phantoms
  2 ogres
  A centaur (D:7)
  4 bullfrogs
  2 wyvern skeletons
  A scorpion (D:5)
  4 howler monkeys
  A lava snake (D:7)
  6 crimson imps
  A quasit (D:5)
  8 hounds
  A jelly (D:6)
  9 orc wizards
  Crazy Yiuf (D:2)
  2 bullfrog skeletons
  7 orc priests
  A gnoll shaman (D:4)
  Jessica (D:3)
  A centaur skeleton (D:5)
  Ijyb (D:4)
  6 worker ants
  2 killer bee zombies
  A hound skeleton (D:6)
  Robin (D:3)
  A worker ant zombie (D:6)
  15 gnolls
  14 adders
  An ooze (D:2)
  2 adder zombies
  An adder skeleton (D:4)
  2 worms
  A dart slug (D:1)
  2 leopard geckos
  50 orcs
  6 giant cockroaches
  16 goblins
  12 hobgoblins
  13 jackals
  7 quokkas
  A ball python (D:3)
  7 bats
  6 frilled lizards
  A jackal zombie (D:6)
  11 kobolds
  A leopard gecko skeleton (D:6)
  A quokka skeleton (D:6)
  8 rats
259 creatures vanquished.

Vanquished Creatures (others)
  6 fungi (D:4)
6 creatures vanquished.

Grand Total: 265 creatures vanquished

Notes
Turn   | Place    | Note
-------+----------+-------------------------------------------
     0 | D:1      | Gorice the Minotaur Enchanter began the quest for the Orb.
     0 | D:1      | Reached XP level 1. HP: 14/14 MP: 1/1
    85 | D:1      | Reached skill level 1 in Fighting
   266 | D:1      | Reached XP level 2. HP: 23/23 MP: 3/3
   334 | D:1      | Reached skill level 2 in Short Blades
   657 | D:1      | Reached skill level 2 in Fighting
   826 | D:1      | Reached XP level 3. HP: 29/29 MP: 4/4
  1239 | D:2      | Reached skill level 3 in Short Blades
  1240 | D:2      | Reached skill level 3 in Fighting
  1257 | D:2      | HP: 9/31 [poisoned by an adder]
  1527 | D:2      | Reached XP level 4. HP: 23/38 MP: 5/5
  1836 | D:2      | Noticed Sigmund
  2395 | D:2      | Reached skill level 1 in Armour
  2596 | D:2      | Found a runed door.
  2601 | D:2      | Noticed Crazy Yiuf
  2613 | D:2      | Killed Crazy Yiuf
  2613 | D:2      | Reached XP level 5. HP: 34/45 MP: 6/6
  2738 | D:3      | Reached skill level 4 in Short Blades
  2750 | D:3      | Reached skill level 2 in Armour
  3095 | D:3      | Noticed Robin
  3152 | D:3      | Killed Robin
  3392 | D:3      | Reached skill level 3 in Armour
  3492 | D:3      | Reached XP level 6. HP: 29/51 MP: 7/7
  3591 | D:3      | Reached skill level 1 in Long Blades
  3759 | D:3      | Noticed Jessica
  3761 | D:3      | Killed Jessica
  3773 | D:3      | Found a radiant altar of Vehumet.
  3944 | D:3      | Found an iron altar of Okawaru.
  3964 | D:3      | Became a worshipper of Warmaster Okawaru
  4133 | D:3      | Noticed Lochraine's ghost (amateur DsVM)
  4149 | D:3      | Reached skill level 2 in Long Blades
  4405 | D:2      | Killed Sigmund
  4405 | D:2      | Reached skill level 3 in Long Blades
  4405 | D:2      | Reached skill level 4 in Armour
  4405 | D:2      | Reached XP level 7. HP: 56/57 MP: 8/8
  4844 | D:4      | Reached skill level 4 in Long Blades
  4978 | D:4      | Reached skill level 5 in Armour
  5227 | D:4      | Found Igyta's Assorted Antiques.
  5330 | D:4      | Reached skill level 5 in Long Blades
  5432 | D:4      | Found a stormy altar of Qazlal.
  5623 | D:4      | Found a shattered altar of Ashenzari.
  5706 | D:4      | Reached skill level 6 in Long Blades
  5970 | D:4      | Reached * piety under Okawaru
  6159 | D:5      | Entered Level 5 of the Dungeon
  6196 | D:5      | Found Keshum's Food Boutique.
  6208 | D:5      | Reached XP level 8. HP: 62/63 MP: 9/9
  6215 | D:5      | Noticed Ijyb
  6269 | D:4      | Killed Ijyb
  6520 | D:5      | Reached skill level 6 in Armour
  6574 | D:5      | Reached skill level 7 in Long Blades
  6643 | D:5      | Found a blossoming altar of Fedhas.
  6848 | D:5      | Found an ancient bone altar of Kikubaaqudgha.
  6888 | D:5      | Reached skill level 8 in Long Blades
  6938 | D:5      | Found Fucugh Hyinn's Jewellery Shop.
  7100 | D:5      | Reached skill level 7 in Armour
  7294 | D:6      | Reached skill level 9 in Long Blades
  7636 | D:6      | Reached ** piety under Okawaru
  7856 | D:6      | Reached XP level 9. HP: 61/69 MP: 10/10
  8174 | D:6      | Reached skill level 10 in Long Blades
  8181 | D:6      | Reached skill level 8 in Armour
  8285 | D:6      | Found a bloodstained altar of Trog.
  8824 | D:6      | Found a hazy altar of Hepliaklqana.
  8824 | D:6      | Found a sparkling altar of Nemelex Xobeh.
  9014 | D:7      | Found a staircase to the Ecumenical Temple.
  9044 | Temple   | Entered the Ecumenical Temple
 10042 | D:7      | Reached skill level 11 in Long Blades
 10106 | D:7      | Noticed a cyclops
 10250 | D:7      | Killed a cyclops
 10250 | D:7      | Reached *** piety under Okawaru
 10250 | D:7      | Reached skill level 9 in Armour
 11160 | D:8      | Reached skill level 12 in Long Blades
 11395 | D:8      | Found a staircase to the Lair.
 11422 | D:8      | Noticed Lochraine's ghost (novice DrFE)
 11655 | D:7      | Noticed Fingolfin's ghost (novice DDEE)
 11674 | D:7      | Killed Fingolfin's ghost
 11674 | D:7      | Reached XP level 10. HP: 49/77 MP: 9/11
 12082 | D:8      | HP: 21/77 [Lochraine's ghost (5)]
 12083 | D:8      | Killed Lochraine's ghost
 12083 | D:8      | Reached **** piety under Okawaru
 12083 | D:8      | Reached skill level 10 in Armour
 12083 | D:8      | Reached skill level 1 in Invocations
 12214 | D:8      | Reached skill level 13 in Long Blades
 12546 | D:8      | Found a burning altar of Makhleb.
 12653 | D:8      | Reached skill level 2 in Invocations
 12894 | D:8      | Noticed Pikel
 12912 | D:8      | HP: 21/77 [Pikel/whip of electrocution (8)]
 12918 | D:8      | Slain by Pikel

Vault maps used:
D:1:      scummos_arrival_forest, kennysheep_nondescript, serial_park_tiny_pond,
          kennysheep_flooded_box
D:2:      minmay_cupped, uniq_crazy_yiuf_cottage, uniq_sigmund
D:3:      vehumet_crystals, minmay_misc_feat_plants, serial_park_tiny_1,
          okawaru_ov_weapons_minmay, uniq_robin, uniq_jessica
D:4:      kennysheep_mini, serial_aquarium, aquarium_bridge_square,
          aquarium_bridge_square, aquarium_window_1, aquarium_window_2,
          aquarium_view_2c, aquarium_view_2c, serial_shops, shop,
          grunt_decor_resistance, nicolae_ashenzari_panopticon
D:5:      grunt_temple_overflow_growth_and_decay, first_bread, serial_shops,
          shop, shop_fountains, st_stairs_14, uniq_ijyb
D:6:      gammafunk_temple_overflow_elements, bloody_trog
D:7:      minmay_temple_entry_glass, grunt_ogre_cave, minivault_25,
          kennysheep_cluttered_room, hangedman_decor_lopped,
          kennysheep_generic_room_4
D:8:      makhleb_grotto_becter, minmay_lair_entry_lava, uniq_pikel
Temple:   regret_index_temple_waves

Skill      XL: |  1  2  3  4  5  6  7  8  9 10 |
---------------+-------------------------------+-----
Fighting       | 1 2 3 |  3.1
Short Blades   | 2 3 4 |  4.8
Armour         | 1 3 4 5 7 9 10 | 10.1
Long Blades    | 3 6 9 12 13 | 13.2
Invocations    | 2 |  2.3
Dodging        | |  2.1
Stealth        | |  2.4
Spellcasting   | |  1.3
Hexes          | |  2.0

Action                   |  1- 3 |  4- 6 |  7- 9 | 10-12 || total
-------------------------+-------+-------+-------+-------++-------
Melee: Dagger            |    76 |       |       |       ||    76
       Headbutt          |    19 |    20 |   104 |    33 ||   176
       Short sword       |    33 |   117 |       |       ||   150
       Falchion          |       |    46 |   353 |       ||   399
       Long sword        |       |       |   165 |   159 ||   324
       Punch             |       |       |     1 |       ||     1
 Fire: Hunting sling     |       |   117 |   188 |    43 ||   348
Throw: Stone             |    21 |       |     2 |       ||    23
Invok: Heroism           |       |       |     3 |     3 ||     6
  Use: Scroll            |     2 |     4 |    15 |       ||    21
       Potion            |       |       |     1 |     3 ||     4
 Stab: Distracted        |     1 |       |       |       ||     1
       Sleeping          |     1 |       |       |       ||     1
  Eat: Chunk             |     2 |     9 |    24 |     5 ||    40
Armor: Robe              |    18 |     1 |       |       ||    19
       Chain mail        |       |    74 |   294 |    89 ||   457
Dodge: Dodged            |    55 |    63 |   199 |    58 ||   375
       Rpst.: Falchion   |       |     5 |    27 |       ||    32
       Long sword        |       |       |    17 |    11 ||    28

Table legend:
 A = Turns spent in this place as a percentage of turns spent in the entire game.
 B = Non-inter-level travel turns spent in this place as a percentage of non-inter-level travel turns spent in the entire game.
 C = Inter-level travel turns spent in this place as a percentage of turns spent in this place.
 D = Turns resting spent in this place as a percentage of non-inter-level travel turns spent in this place.
 E = Turns spent auto-exploring this place as a percentage of non-inter-level travel turns spent in this place.
 F = Non-inter-level travel turns spent in this place divided by the number of levels of this place that you've seen.
                   A       B       C       D       E      F
               +-------+-------+-------+-------+-------+----------------------
         Total | 100.0 | 100.0 |   0.6 |   2.7 |   4.3 | 487.3
       Dungeon |  99.6 |  99.7 |   0.6 |   2.7 |   4.0 | 546.4
        Temple |   0.4 |   0.3 |   6.2 |   0.0 |  73.3 |  15.0
               +-------+-------+-------+-------+-------+----------------------

Vault maps used:
D:1:      scummos_arrival_forest, kennysheep_nondescript, serial_park_tiny_pond,
          kennysheep_flooded_box
D:2:      minmay_cupped, uniq_crazy_yiuf_cottage, uniq_sigmund
D:3:      vehumet_crystals, minmay_misc_feat_plants, serial_park_tiny_1,
          okawaru_ov_weapons_minmay, uniq_robin, uniq_jessica
D:4:      kennysheep_mini, serial_aquarium, aquarium_bridge_square,
          aquarium_bridge_square, aquarium_window_1, aquarium_window_2,
          aquarium_view_2c, aquarium_view_2c, serial_shops, shop,
          grunt_decor_resistance, nicolae_ashenzari_panopticon
D:5:      grunt_temple_overflow_growth_and_decay, first_bread, serial_shops,
          shop, shop_fountains, st_stairs_14, uniq_ijyb
D:6:      gammafunk_temple_overflow_elements, bloody_trog
D:7:      minmay_temple_entry_glass, grunt_ogre_cave, minivault_25,
          kennysheep_cluttered_room, hangedman_decor_lopped,
          kennysheep_generic_room_4
D:8:      makhleb_grotto_becter, minmay_lair_entry_lava, uniq_pikel
Temple:   regret_index_temple_waves
